 Dungeon Crawl Stone Soup version 0.31-a0-1498-gb37faac (webtiles) character file.

Game seed: 9625891404748400342

7235 edsrzf the Covert (level 11, -3/61 HPs)
             Began as an Octopode Hedge Wizard on Dec 29, 2023.
             Was an Elder of Cheibriados.
             Slain by a yak (14 damage)
             ... on level 9 of the Dungeon.
             The game lasted 00:18:13 (9928 turns).

edsrzf the Covert (Octopode Hedge Wizard)           Turns: 9928, Time: 00:18:14

Health: -3/61      AC:  1    Str: 25    XL:     11   Next: 12%
Magic:  32/32      EV: 27    Int: 41    God:    Cheibriados [****..]
Gold:   477        SH:  5    Dex: 23    Spells: 20/26 levels left

rFire   + . .        a - +1 dagger (venom)
rCold   x . .        (no shield)
rNeg    . . .        b - +0 hat
rPois   .            F - amulet of reflection
rElec   .            l - ring of wizardry
rCorr   .            o - ring of magical power
SInv    .            u - +5 ring of evasion
Will    .....        s - ring "Jilobek" {rC- Str+6 Int+6 Slay+3}
Stlth   +++++++      H - ring "Sogueros" {rF+ Int+5}
HPRegen 0.30/turn    (no ring)
MPRegen 0.23/turn    (no ring)
                     (no ring)

%: reflection, wizardry (x1)
@: very slow
A: almost no armour, amphibious, 8 rings, camouflage 1, gelatinous body 1,
(nimble swimmer 1), tentacles
a: Renounce Religion, Bend Time, Temporal Distortion, Slouch


You were on level 9 of the Dungeon.
You worshipped Cheibriados.
Cheibriados was greatly pleased with you.
You visited 2 branches of the dungeon, and saw 10 of its levels.

You collected 521 gold pieces.
You spent 44 gold pieces at shops.

Inventory:

Hand Weapons
 a - a +1 dagger of venom (weapon)
Missiles
 i - 23 poisoned darts
 t - 4 curare-tipped darts
 z - 2 throwing nets {=f}
Armour
 b - a +0 hat (worn)
Jewellery
 l - a ring of wizardry (left tentacle)
 o - a ring of magical power (right tentacle)
 s - the ring "Jilobek" (on tentacle) {rC- Str+6 Int+6 Slay+3}
   (You found it on level 7 of the Dungeon)

   [ring of intelligence]

   Str+6:     It affects your strength (+6).
   Int+6:     It affects your intelligence (+6).
   Slay+3:    It affects your accuracy & damage with ranged weapons and melee
   (+3).
   rC-:       It makes you vulnerable to cold.
 u - a +5 ring of evasion (on tentacle)
 F - an amulet of reflection (around mantle)
 H - the ring "Sogueros" (on tentacle) {rF+ Int+5}
   (You found it on level 6 of the Dungeon)

   [ring of protection from fire]

   Int+5:     It affects your intelligence (+5).
   rF+:       It protects you from fire.
Wands
 p - a wand of roots (7)
 x - a wand of paralysis (10)
 y - a wand of flame (30)
Scrolls
 d - 2 scrolls of identify {@r1}
 e - a scroll of enchant armour {unknown}
 f - 3 scrolls of teleportation {@r3}
 g - 2 scrolls of immolation {unknown}
 h - 3 scrolls of amnesia {unknown}
 j - 2 scrolls of vulnerability {unknown}
 n - 2 scrolls of blinking {unknown}
 r - 2 scrolls of silence {unknown}
 w - a scroll of poison {unknown}
 B - 3 scrolls of fog {unknown}
 C - a scroll of fear {unknown}
 D - a scroll of enchant weapon {unknown}
 G - a scroll of revelation {unknown}
 J - a scroll of summoning {unknown}
 K - a scroll of brand weapon {unknown}
Potions
 c - a potion of magic
 k - a potion of might
 m - a potion of brilliance
 q - 2 potions of berserk rage {!q}
 v - a potion of lignification
 A - a potion of curing
 E - 3 potions of resistance
 I - 3 potions of mutation {!q}
 L - a potion of attraction


   Skills:
 + Level 10.8 Dodging
 - Level 12.2 Stealth
 - Level 8.0 Spellcasting
 - Level 6.0 Conjurations
 - Level 1.0 Summonings
 - Level 1.0 Translocations


You had 20 spell levels left.
You knew the following spells:

 Your Spells              Type           Power      Damage    Failure   Level
b - Blink                 Tloc           48%        N/A       1%          2
C - Mephitic Cloud        Conj/Alch/Air  32%        N/A       1%          3
X - Magic Dart            Conj           100%       1d8       1%          1

Your spell library contained the following spells:

 Spells                   Type           Power      Damage    Failure   Level
 Apportation              Tloc           48%        N/A       1%          1
 Necrotise                Necr           64%        1d7       1%          1
 Slow                     Hex            64%        N/A       1%          1
 Sting                    Conj/Alch      100%       1d9       1%          1
 Summon Small Mammal      Summ           96%        N/A       1%          1
 Call Imp                 Summ           48%        N/A       1%          2
 Cigotuvi's Dreadful Rot  Necr/Alch/Air  32%        N/A       1%          2
 Jinxbite                 Hex            32%        N/A       1%          2
 Static Discharge         Conj/Air       82%        3-7/arc   1%          2
 Summon Blazeheart Golem  Fire/Summ      20%        N/A       6%          4
 Summon Lightning Spire   Summ/Air       20%        N/A       6%          4
 Airstrike                Air            8%         2d(2-18)  9%          4
 Anguish                  Hex/Necr       8%         N/A       9%          4
 Cause Fear               Hex            8%         N/A       9%          4
 Yara's Violent Unravell  Hex/Alch       8%         3d5       22%         5
 Orb of Destruction       Conj           30%        9d10      47%         7
 Spellforged Servitor     Conj/Summ      22%        N/A       82%         7
 Enfeeble                 Hex            8%         N/A       99%         7


Dungeon Overview and Level Annotations

Branches:
Dungeon (9/15)             Temple (1/1) D:5             Orc (0/2) D:9
   Lair: D:8-11

Altars:
Ashenzari
Cheibriados
Dithmenos
Elyvilon
Fedhas
Gozag
Hepliaklqana
Kikubaaqudgha
Makhleb
Nemelex Xobeh
Okawaru
Qazlal
Ru
Sif Muna
Trog
Uskayaw
Vehumet
Wu Jian
Xom
Yredelemnul
Zin
The Shining One

Shops:
D:4 *   D:6 [   D:8 ?([[   D:9 (


Innate Abilities, Weirdness & Mutations

You cannot wear most types of armour.
You are amphibious.
You can wear up to eight rings at the same time.
Your skin changes colour to match your surroundings (Stealth+).
Your rubbery body absorbs attacks. (AC +1, EV +1)
((You are camouflaged when in or above water. (Stealth+)))
You have tentacles for arms and can constrict up to eight enemies at once.


Message History

Casting: Magic Dart (safe; 1% risk of failure)
Confirm with . or Enter, or press ? or * to list all spells.
The magic dart hits the kobold!
You kill the kobold!
Cheibriados appreciates the change of pace.
Press: ? - help, v - describe, . - travel
Here: a hound (wandering, hasn't noticed you)
The floor.
Found a +0 dagger.
Found a potion of curing, 17 gold pieces and 3 potions of degeneration.
Casting: Magic Dart (safe; 1% risk of failure)
Confirm with . or Enter, or press ? or * to list all spells.
The magic dart hits the hound.
The hound is moderately wounded.
The hound barks!
The hound barely misses you. x2
You miss the hound. Your grab misses the hound.
The hound is moderately wounded.
The hound completely misses you.
You barely miss the hound. Your grab misses the hound.
Your tentacle-slap misses the hound.
The hound is moderately wounded.
The hound misses you. You block the hound's attack.
You closely miss the hound. You grab the hound.
The hound is moderately wounded.
You constrict the hound. The hound closely misses you.
You hit the hound.
The hound is poisoned.
You squeeze the hound, but do no damage.
The hound is severely wounded.
You constrict the hound.
You kill the hound!
Cheibriados thoroughly appreciates the change of pace.
Found a scroll of teleportation.
You see here a hound corpse.
Things that are here:
a +0 short sword of venom; 5 stones; a kobold corpse
Things that are here:
a +0 whip; a gnoll corpse
There is an open gate here.
A - a potion of curing
f - 3 scrolls of teleportation {@r3} (gained 1)
You now have enough gold to buy a +4 ring of protection on D:4.
You can access your shopping list by pressing '$'.
You now have 477 gold pieces (gained 17).
There is an open gate here.
Press: ? - help, v - describe, . - travel
Here: a kobold brigand, wielding a +0 dagger and quivering curare-tipped darts (wandering, hasn't noticed you)
The floor.
The yak bellows!
You hear a bellow!
The yak gores you.
You barely miss the yak. The yak gores you! The yak completely misses you.
The yak bellows!
You hit the yak but do no damage.
The yak is poisoned.
The yak completely misses you. The yak gores you but does no damage.
The yak bellows!
You hit the yak.
The yak looks as sick as possible!
You squeeze the yak!
The yak is moderately wounded.
You hear a bellow!
You block the yak's attack. The yak misses you.
You barely miss the yak. You block the yak's attack.
The yak closely misses you.
You hit the yak.
The yak is poisoned.
The yak is lightly wounded.
You block the yak's attack. The yak closely misses you.
You hit the yak.
The yak looks as sick as possible!
You squeeze the yak!
The yak is heavily wounded.
The yak gores you! The yak completely misses you.
You hit the yak. Your squeeze misses the yak.
The yak is severely wounded.
The yak barely misses you. The yak completely misses you.
The yak bellows!
You hit the yak.
The yak looks as sick as possible!
The yak is heavily wounded.
You block the yak's attack. The yak gores you!
You hit the yak.
The yak looks as sick as possible!
The yak is severely wounded.
The yak completely misses you. The yak closely misses you.
You hit the yak.
The yak looks as sick as possible!
The yak is almost dead.
The yak closely misses you.
You hit the yak.
You kill the yak!
Cheibriados appreciates the change of pace.
You hit the yak.
The yak looks as sick as possible!
The yak is severely wounded.
You closely miss the yak.
The yak is almost dead.
The yak barely misses you.
You closely miss the yak.
The yak is almost dead.
The yak completely misses you. The yak closely misses you.
You barely miss the yak. Your squeeze misses the yak.
The yak is almost dead.
The yak closely misses you. x2
You hit the yak but do no damage.
The yak looks as sick as possible!
The yak is almost dead.
The yak gores you!
* * * LOW HITPOINT WARNING * * *
The yak gores you!
You die...

....#..#.#..#...##...............
.#####....∩.##...####.....####.##
.# ##............###.....##.....
.# ##..............##.....#......
.Y##......................#......
#.....................##..)..._..
#.[............Y.......##†#......
'..<..........KY#.....##..#......
#.............#Y@.....###.##.....
#......Y......###.......#.####.##
..............# #...##...........
..........Y...###..####........##
..................##..†.........#
................#.##).'.##.......
...............##..####..........
....................##..#........
##.##..........##.......##.....##


You could see 3 yaks and a kobold brigand.

Vanquished Creatures
  A two-headed ogre (D:8)
  A tengu warrior (D:9)
  Pikel (D:6)
  A cyclops (D:8)
  Maurice (D:8)
  A tengu conjurer (D:9)
  Psyche (D:8)
  2 hornets
  A wyvern (D:8)
  5 yaks
  A redback (D:9)
  A steam dragon (D:6)
  Duvessa (D:6)
  A water moccasin (D:9)
  A sky beast (D:7)
  4 centaurs
  An ogre (D:5)
  4 lemures
  2 kobold brigands
  3 bullfrogs
  A gnoll sergeant (D:9)
  3 scorpions
  4 wights (D:6)
  Dowan (D:6)
  9 killer bees (D:9)
  2 bombardier beetles
  3 jellies (D:7)
  Crazy Yiuf (D:4)
  An orc priest (D:8)
  A gnoll bouda (D:7)
  8 hounds
  2 sleepcaps
  4 orc wizards
  6 adders
  23 gnolls
  A shadow imp (D:6)
  4 ufetubi
  20 orcs
  8 ball pythons
  4 bats
  7 endoplasms
  3 goblins
  6 hobgoblins
  16 jackals
  13 kobolds
  2 quokkas (D:1)
  3 frilled lizards
  3 rats
193 creatures vanquished.

Notes
Turn   | Place    | Note
-------+----------+-------------------------------------------
     0 | D:1      | edsrzf the Octopode Hedge Wizard began the quest for the
                  | Orb.
     0 | D:1      | Reached XP level 1. HP: 11/11 MP: 4/4
    76 | D:1      | Reached skill level 2 in Conjurations
    76 | D:1      | Reached XP level 2. HP: 17/17 MP: 0/6
   666 | D:2      | Reached XP level 3. HP: 21/21 MP: 5/7
   756 | D:2      | Reached skill level 3 in Conjurations
  1978 | D:3      | Reached XP level 4. HP: 8/27 MP: 8/8
  2122 | D:3      | Reached skill level 4 in Conjurations
  2652 | D:3      | Reached XP level 5. HP: 24/31 MP: 9/9
  2924 | D:4      | Found Cydeluil's General Store.
  3048 | D:4      | Reached skill level 5 in Conjurations
  3216 | D:4      | Reached XP level 6. HP: 36/36 MP: 10/10
  3314 | D:4      | Reached skill level 6 in Conjurations
  3427 | D:4      | Found a runed translucent door.
  3428 | D:4      | Noticed Crazy Yiuf
  3437 | D:4      | Killed Crazy Yiuf
  3438 | D:4      | Reached skill level 3 in Stealth
  3573 | D:5      | Entered Level 5 of the Dungeon
  3664 | D:5      | Reached skill level 4 in Stealth
  3686 | D:5      | Reached XP level 7. HP: 41/41 MP: 12/12
  3725 | D:5      | Found a staircase to the Ecumenical Temple.
  3767 | Temple   | Entered the Ecumenical Temple
  3778 | Temple   | Became a worshipper of Cheibriados the Contemplative
  3807 | D:5      | Reached skill level 5 in Stealth
  3807 | D:5      | Reached skill level 4 in Spellcasting
  4054 | D:5      | Identified 2 potions of might
  4054 | D:5      | HP: 2/41 [jackal (1)]
  4055 | D:5      | Identified 4 potions of curing
  4060 | D:5      | Reached * piety under Cheibriados
  4213 | D:5      | Reached skill level 6 in Stealth
  4685 | D:5      | Upgraded the game from 0.31-a0-1486-gbe66496 to
                  | 0.31-a0-1498-gb37faac
  4718 | D:6      | You fall into a shaft and drop 1 floor!
  4891 | D:7      | Reached skill level 7 in Stealth
  4891 | D:7      | Reached skill level 5 in Spellcasting
  4891 | D:7      | Reached XP level 8. HP: 7/46 MP: 15/15
  5281 | D:7      | Found a sacrificial altar of Ru.
  5295 | D:7      | Noticed a hornet
  5304 | D:7      | Killed a hornet
  5305 | D:7      | Reached skill level 8 in Stealth
  5320 | D:7      | Reached ** piety under Cheibriados
  5386 | D:7      | Reached skill level 6 in Spellcasting
  5395 | D:7      | Identified 2 potions of berserk rage
  5578 | D:7      | Identified the ring "Jilobek" {rC- Str+6 Int+6 Slay+3}
  5701 | D:6      | Noticed Pikel
  5799 | D:6      | Killed Pikel
  5800 | D:6      | Reached skill level 10 in Stealth
  5800 | D:6      | Reached skill level 7 in Spellcasting
  5800 | D:6      | Reached XP level 9. HP: 4/51 MP: 19/19
  6174 | D:6      | Found Gewkadasm's Armour Shoppe.
  6457 | D:6      | Identified the ring "Sogueros" {rF+ Int+5}
  6602 | D:6      | Learned a level 3 spell: Mephitic Cloud
  6735 | D:6      | Identified 8 scrolls of identify
  6735 | D:6      | Identified a potion of brilliance
  6736 | D:6      | Identified a potion of heal wounds
  6737 | D:6      | Identified a potion of lignification
  6738 | D:6      | Identified 2 potions of degeneration
  6739 | D:6      | Identified a potion of invisibility
  6740 | D:6      | Identified 3 potions of resistance
  6741 | D:6      | Identified 2 potions of mutation
  6816 | D:6      | Noticed Duvessa
  6816 | D:6      | Noticed Dowan
  6821 | D:6      | Killed Duvessa
  6822 | D:6      | Reached skill level 11 in Stealth
  6824 | D:6      | Killed Dowan
  7439 | D:8      | Noticed a cyclops
  7446 | D:8      | Reached skill level 8 in Spellcasting
  7451 | D:8      | Killed a cyclops
  7452 | D:8      | Reached skill level 3 in Dodging
  7452 | D:8      | Reached skill level 12 in Stealth
  7611 | D:8      | Found Imur's Magic Scroll Shop.
  7616 | D:8      | Bought a scroll of noise for 11 gold pieces
  7617 | D:8      | Bought a scroll of teleportation for 33 gold pieces
  7629 | D:8      | Found Uruzet's Weapon Boutique.
  7651 | D:8      | Noticed a two-headed ogre
  7695 | D:8      | Noticed Psyche
  7700 | D:8      | Killed Psyche
  7701 | D:8      | Reached skill level 4 in Dodging
  7701 | D:8      | Reached XP level 10. HP: 56/56 MP: 22/22
  7731 | D:8      | Noticed Maurice
  7758 | D:8      | Reached skill level 5 in Dodging
  7772 | D:8      | Found a shimmering altar of Xom.
  7775 | D:8      | Found a shadowy altar of Dithmenos.
  7779 | D:8      | Found an opulent altar of Gozag.
  7860 | D:8      | Found Zajaupra's Armour Boutique.
  7953 | D:8      | Reached skill level 6 in Dodging
  7976 | D:8      | Learned a level 2 spell: Blink
  8170 | D:8      | Found Haebat's Antique Armour Emporium.
  8210 | D:8      | Found a stormy altar of Qazlal.
  8645 | D:8      | Killed a two-headed ogre
  8646 | D:8      | Reached skill level 7 in Dodging
  8702 | D:8      | Killed Maurice
  8702 | D:8      | Reached *** piety under Cheibriados
  8703 | D:8      | Reached skill level 8 in Dodging
  9108 | D:9      | Reached **** piety under Cheibriados
  9111 | D:9      | Reached skill level 9 in Dodging
  9292 | D:9      | Identified a potion of attraction
  9300 | D:9      | Noticed a tengu warrior
  9313 | D:9      | Killed a tengu warrior
  9316 | D:9      | Reached skill level 10 in Dodging
  9316 | D:9      | Reached XP level 11. HP: 17/61 MP: 23/23
  9387 | D:9      | Found a staircase to the Orcish Mines.
  9436 | D:9      | Found an ancient bone altar of Kikubaaqudgha.
  9474 | D:9      | Found Xiexirr's Weapon Shoppe.
  9676 | D:9      | Found a radiant altar of Vehumet.
  9928 | D:9      | Slain by a yak

Illustrated notes

Levels and vault maps discovered:
D:1:      tarquinn_simple_flora_water_c, layout_rooms
D:2:      layout_basic
D:3:      layout_basic
D:4:      layout_rooms, serial_shops, shop, uniq_crazy_yiuf_cottage
D:5:      layout_rooms, minmay_temple_entry_wispy, serial_curves,
          eino_curves_03, eino_curves_01, kennysheep_big_empty_room,
          st_stairs_14
D:6:      layout_gridville, serial_shops, nicolae_shop_crystal, uniq_pikel,
          uniq_duvessa
D:7:      layout_layer_cave, hangedman_ru_absence
D:8:      nicolae_cairo_tiling, layout_loops_corners,
          nicolae_qazlal_general_emergency, grunt_temple_overflow_diamond,
          serial_shops, shop, nicolae_shop_tiny_glass, nicolae_shop_peninsula,
          shop, uniq_psyche, uniq_maurice
D:9:      layout_cave_pools, old_standard_altar, kiku_gazebo_pond_becter,
          orc_0_dummy, serial_gnoll_camp, gnoll_camp_mini_loothouse,
          gnoll_camp_huts_basic, gnoll_camp_mini_hut, gnoll_camp_mini_hut,
          gnoll_camp_mini_doghouse, serial_shops, shop, kennysheep_just_a_vault
Temple:   hellmonk_temple_two_chambers

Skill      XL: |  1  2  3  4  5  6  7  8  9 10 |
---------------+-------------------------------+-----
Conjurations   | 2 3 4 5 6 |  6.0
Stealth        | 4 7 10 12 | 12.2
Spellcasting   | 5 7 8 |  8.0
Dodging        | 4 10 | 10.8
Summonings     | |  1.0
Translocations | |  1.0

Action                     |  1- 3 |  4- 6 |  7- 9 | 10-12 || total
---------------------------+-------+-------+-------+-------++-------
  Melee: Dagger            |    30 |    46 |   145 |   131 ||   352
         Tentacles         |     8 |    20 |    44 |    44 ||   116
         Constrict         |     8 |    14 |    40 |    28 ||    90
         Punch             |       |     2 |     3 |     2 ||     7
   Cast: Magic Dart        |    68 |    65 |    78 |    42 ||   253
         Mephitic Cloud    |       |       |     1 |     3 ||     4
    Use: Potion            |       |       |     6 |     2 ||     8
         Scroll            |       |       |     7 |     4 ||    11
   Stab: Sleeping          |     1 |     1 |     8 |     7 ||    17
         Confused          |       |       |     1 |     1 ||     2
         Invisible         |       |       |       |     1 ||     1
 Armour: Skin              |    13 |    11 |    95 |    43 ||   162
  Dodge: Dodged            |    19 |    32 |   160 |   150 ||   361
  Block: Other             |       |       |     3 |    33 ||    36
         Reflection        |       |       |       |     1 ||     1

Table legend: (Time is in decaauts)
 A = Elapsed time spent in this place.
 B = Non-inter-level travel time spent in this place.
 C = Inter-level travel time spent in this place.
 D = Time resting spent in this place.
 E = Time spent auto-exploring this place.
 F = Levels seen in this place.
 G = Mean time per level.
                   A        B        C        D        E       F      G
               +--------+--------+--------+--------+--------+-----+--------+
         Total |  11733 |  11261 |    472 |   1907 |   7738 |  10 | 1173.3 |
       Dungeon |  11710 |  11257 |    453 |   1907 |   7738 |   9 | 1301.1 |
        Temple |     23 |      4 |     19 |      0 |      0 |   1 |   23.0 |
               +--------+--------+--------+--------+--------+-----+--------+

Top non-repeatable levels by time:
     D:8: 2093 daAuts
     D:7: 1724 daAuts
     D:5: 1515 daAuts
     D:9: 1448 daAuts
     D:6: 1357 daAuts
     D:3: 1330 daAuts
     D:2: 959 daAuts
     D:4: 643 daAuts
     D:1: 638 daAuts
  Temple: 23 daAuts
